 Dungeon Crawl Stone Soup version 0.28.0-53-g5a82cb258f (webtiles) character file.

Game seed: 3122104221670398038

5705 erker the Magician (level 10, -2/75 HPs)
             Began as a Gnoll Earth Elementalist on July 20, 2022.
             Was a High Priest of Cheibriados.
             Slain by a vampire (5 damage)
             ... on level 9 of the Dungeon.
             The game lasted 00:55:33 (12976 turns).

erker the Magician (Gnoll Earth Elementalist)      Turns: 12976, Time: 00:55:34

Health: -2/75      AC:  7    Str: 14 (16) XL:     10   Next: 76%
Magic:  17/21      EV: 18    Int: 31 (32) God:    Cheibriados [*****.]
Gold:   486        SH:  0    Dex: 28 (30) Spells: 17/24 levels left

rFire   . . .      SeeInvis .   a - +0 rapier
rCold   + . .      Faith    .   (no shield)
rNeg    + + .      Spirit   .   W - +0 leather armour {Will+}
rPois   .          Reflect  .   l - +0 helmet
rElec   .          Harm     .   p - +0 cloak
rCorr   +          Rampage  .   (no gloves)
Will    +....                   L - +0 pair of boots
Stlth   ++++......              (no amulet)
HPRegen 0.22/turn               t - +6 ring of dexterity
MPRegen 0.17/turn               X - ring "Iloamuh" {rC+ rN++ rCorr Str-3 Int+3}

@: studying Translocations, very slow
A: fangs 1, strong nose, distributed training
a: Renounce Religion, Bend Time, Temporal Distortion, Slouch, Step From Time


You were on level 9 of the Dungeon.
You worshipped Cheibriados.
Cheibriados was extremely pleased with you.
You visited 2 branches of the dungeon, and saw 11 of its levels.
You also visited: Sewer.

You collected 486 gold pieces.

Inventory:

Hand Weapons
 a - a +0 rapier (weapon)
 b - a +1 hunting sling of freezing
 w - a +1 whip of freezing
 G - a +2 dagger of protection
 Y - a +2 dagger of venom
Missiles
 c - 168 stones
 h - 8 boomerangs
 q - 103 arrows
 u - 69 sling bullets
 y - a throwing net
 F - 61 bolts
 M - 18 poisoned darts (quivered)
Armour
 i - a +0 robe
 l - a +0 helmet (worn)
 o - a +4 chain mail
 p - a +0 cloak (worn)
 r - the +3 ring mail of Tenacity {-Cast rPois rC+ Dex+5}
   (You found it on level 3 of the Dungeon)

   Dex:       It affects your dexterity (+5).
   rC:        It protects you from cold.
   rPois:     It protects you from poison.
   -Cast:     It prevents spellcasting.
 L - a +0 pair of boots (worn)
 P - a +1 leather armour of fire resistance
 U - +1 acid dragon scales
 W - a +0 leather armour of willpower (worn)
Magical Staves
 m - a staff of air
 v - a staff of death
Jewellery
 n - a ring of fire
 t - a +6 ring of dexterity (left hand)
 X - the ring "Iloamuh" (right hand) {rC+ rN++ rCorr Str-3 Int+3}
   (You found it on level 9 of the Dungeon)

   [ring of resist corrosion]

   Str:       It affects your strength (-3).
   Int:       It affects your intelligence (+3).
   rC:        It protects you from cold.
   rN:        It greatly protects you from negative energy.
   rCorr:     It protects you from acid and corrosion.
Wands
 J - a wand of acid (8)
 O - a wand of flame (7)
 Q - a wand of polymorph (2)
 S - a wand of iceblast (9)
 T - a wand of paralysis (8)
Scrolls
 d - 5 scrolls of enchant weapon {unknown}
 e - 8 scrolls of identify {unknown}
 f - 2 scrolls of holy word {unknown}
 j - 2 scrolls of magic mapping {unknown}
 k - 6 scrolls of teleportation {unknown}
 x - 4 scrolls of blinking {unknown}
 E - a scroll of fog {unknown}
 H - a scroll of enchant armour {unknown}
 I - a scroll of noise {unknown}
 N - a scroll of amnesia {unknown}
 R - 2 scrolls of fear {unknown}
Potions
 g - 2 potions of degeneration
 s - a potion of berserk rage {unknown}
 z - 3 potions of curing
 A - 2 potions of lignification {unknown}
 B - 2 potions of magic {unknown}
 C - 5 potions of haste {unknown}
 D - 2 potions of heal wounds {unknown}
 K - 3 potions of mutation {unknown}
 V - a potion of brilliance {unknown}


   Skills:
 + Level 5.6 Fighting
 + Level 5.6 Short Blades
 + Level 5.6 Long Blades
 + Level 5.6 Axes
 + Level 5.6 Maces & Flails
 + Level 5.6 Polearms
 + Level 5.6 Staves
 + Level 5.6 Slings
 + Level 5.6 Bows
 + Level 5.6 Crossbows
 + Level 5.6 Throwing
 + Level 5.6 Armour
 + Level 7.3 Dodging
 + Level 7.0 Stealth
 + Level 5.6 Shields
 + Level 5.6 Unarmed Combat
 + Level 7.6 Spellcasting
 + Level 4.6 Conjurations
 + Level 4.6 Hexes
 + Level 4.6 Summonings
 + Level 4.6 Necromancy
 + Level 5.0 Translocations
 + Level 5.1 Transmutations
 + Level 4.6 Fire Magic
 + Level 4.6 Ice Magic
 + Level 4.6 Air Magic
 + Level 7.2 Earth Magic
 + Level 4.6 Poison Magic
 + Level 6.1 Invocations
 + Level 5.6 Evocations


You had 17 spell levels left.
You knew the following spells:

 Your Spells              Type           Power      Damage    Failure   Level
a - Sandblast             Erth           100%       2d20      1%          1
p - Petrify               Tmut/Erth      50%        N/A       4%          4
w - Passwall              Tmut/Erth      41%        N/A       1%          2

Your spell library contained the following spells:

 Spells                   Type           Power      Damage    Failure   Level
 Apportation              Tloc           84%        N/A       1%          1
 Sting                    Tmut/Pois      100%       1d8       1%          1
 Poisonous Vapours        Pois/Air       80%        N/A       1%          2
 Stone Arrow              Conj/Erth      96%        3d13      1%          3
 Ignite Poison            Fire/Tmut/Pois 41%        N/A       2%          3
 Mephitic Cloud           Conj/Pois/Air  40%        N/A       2%          3
 Iskenderun's Mystic Bla  Conj/Tloc      41%        2d9       7%          4
 Olgreb's Toxic Radiance  Pois           40%        N/A       8%          4
 Alistair's Intoxication  Tmut/Pois      28%        N/A       19%         5
 Freezing Cloud           Conj/Ice/Air   20%        6-21      22%         5
 Lightning Bolt           Conj/Air       20%        1d35      22%         5
 Disjunction              Tloc           21%        N/A       100%        8


Dungeon Overview and Level Annotations

Branches:
Dungeon (10/15)            Temple (1/1) D:7            Lair (0/6) D:8
  Sewer (visited)
    Orc: D:9-12

Altars:
Ashenzari
Cheibriados
Dithmenos
Elyvilon
Fedhas
Gozag
Hepliaklqana
Kikubaaqudgha
Makhleb
Qazlal
Ru
Uskayaw
Vehumet
Xom
Yredelemnul
Zin
The Shining One

Annotations:
D:5 exclusion: zombie


Innate Abilities, Weirdness & Mutations

You have very sharp teeth.
Your uncanny sense of smell can sniff out nearby items.
Your experience applies equally to all skills.


Message History

You hit something but do no damage. You completely miss something.
You hit something but do no damage. You hit something but do no damage.
You hit something but do no damage. You hit something but do no damage.
You bite something. You barely miss something. Something hits you!
Something misses you.
You miss something. Something hits you but does no damage.
Something closely misses you. Something barely misses you. x2
Something hits you. Something closely misses you.
There is a stone staircase leading up, spattered with blood here.
You fail to use your ability.
Something hits you. Something barely misses you.
Something completely misses you. Something bites you.
You climb upwards.
Reactivating autopickup.
There is a stone staircase leading down here.
Something barely misses you. Something closely misses you. x2
Something bites you.
Deactivating autopickup; reactivate with Ctrl-A.
You hit something but do no damage. Something hits you! Something bites you.
Something hits you. Something bites you! Something hits you.
Something bites you but does no damage. Something hits you but does no damage.
Something bites you!
* * * LOW HITPOINT WARNING * * *
Something draws strength from your injuries!
Casting: Petrify (dangerous; 4% risk of failure)
Confirm with . or Enter, or press ? or * to list all spells.
Aiming: Passwall (safe; 1% risk of failure)
Press: ? - help, Dir - move target A rock wall.
Something hits you.
* * * LOW HITPOINT WARNING * * *
Something bites you!
* * * LOW HITPOINT WARNING * * *
Something draws strength from your injuries!
You begin to meditate on the wall.
You continue meditating on the rock.
Something hits you.
You die...

.......#.#..........#............
.......#.########'###............
.......#.........................
########...#####.................
...........#...#.>........#######
####.......#...'..........# #
#.>.....#...#..........# #
#.......#...#{.........# #
#...###.#...#@.........# #
####...#.#.#...#..........# #
.......#.'.##+##..........#######
.......#.#.......................
########.#.......................
.........#.......................
.........#........##########.....
.........#........# #....#
.........#........# #....#


There were no monsters in sight!

Vanquished Creatures
  A boulder beetle (D:8)
  A swamp dragon (shapeshifter) (D:8)
  Joseph (D:8)
  Maggie (D:8)
  A yak (D:8)
  Eustachio (D:5)
  2 wyverns (D:9)
  A steam dragon (D:8)
  A water moccasin (D:9)
  5 orc warriors
  2 sky beasts
  A black bear (D:8)
  An ice beast (D:6)
  2 necrophages
  2 centaurs
  A phantom (D:4)
  2 kobold brigands
  7 bullfrogs
  3 scorpions
  6 howler monkeys
  A bullfrog zombie (D:6)
  A centaur zombie (D:7)
  A jelly (D:7)
  4 centaur skeletons
  7 orc priests
  2 gnoll shamans
  2 iguanas
  5 orc wizards
  7 gnolls
  10 adders
  6 river rats (Sewer)
  An ufetubus (D:6)
  3 dart slugs
  22 orcs
  15 ball pythons
  3 bats
  6 endoplasms
  6 giant cockroaches
  7 goblins
  7 hobgoblins
  2 jackals (D:2)
  22 kobolds
  6 quokkas
  9 frilled lizards
  22 rats
219 creatures vanquished.

Vanquished Creatures (others)
  9 fungi (D:8)
  35 plants
44 creatures vanquished.

Grand Total: 263 creatures vanquished

Notes
Turn   | Place    | Note
-------+----------+-------------------------------------------
     0 | D:1      | erker the Gnoll Earth Elementalist began the quest for the
                  | Orb.
     0 | D:1      | Reached XP level 1. HP: 13/13 MP: 6/6
   282 | D:1      | Found a faded altar of an unknown god.
   728 | D:1      | Reached XP level 2. HP: 20/20 MP: 5/7
   732 | D:1      | Learned a level 2 spell: Passwall
  1767 | D:2      | Reached XP level 3. HP: 13/25 MP: 6/9
  1987 | D:2      | Reached skill level 5 in Spellcasting
  2020 | D:2      | Found a blossoming altar of Fedhas.
  2808 | D:2      | Reached skill level 1 in Invocations
  3535 | D:3      | Reached skill level 1 in Fighting
  3535 | D:3      | Reached skill level 1 in Short Blades
  3535 | D:3      | Reached skill level 1 in Long Blades
  3535 | D:3      | Reached skill level 1 in Axes
  3535 | D:3      | Reached skill level 1 in Maces & Flails
  3535 | D:3      | Reached skill level 1 in Polearms
  3535 | D:3      | Reached skill level 1 in Staves
  3535 | D:3      | Reached skill level 1 in Slings
  3535 | D:3      | Reached skill level 1 in Bows
  3535 | D:3      | Reached skill level 1 in Crossbows
  3535 | D:3      | Reached skill level 1 in Throwing
  3535 | D:3      | Reached skill level 1 in Armour
  3535 | D:3      | Reached skill level 1 in Shields
  3535 | D:3      | Reached skill level 1 in Unarmed Combat
  3535 | D:3      | Reached skill level 1 in Evocations
  3671 | D:3      | Identified the +3 ring mail of Tenacity {-Cast rPois rC+
                  | Dex+5}
  4349 | D:4      | Reached XP level 4. HP: 15/32 MP: 3/11
  4618 | D:4      | Reached skill level 1 in Conjurations
  4618 | D:4      | Reached skill level 1 in Hexes
  4618 | D:4      | Reached skill level 1 in Summonings
  4618 | D:4      | Reached skill level 1 in Necromancy
  4618 | D:4      | Reached skill level 1 in Translocations
  4618 | D:4      | Reached skill level 1 in Fire Magic
  4618 | D:4      | Reached skill level 1 in Ice Magic
  4618 | D:4      | Reached skill level 1 in Air Magic
  4618 | D:4      | Reached skill level 1 in Poison Magic
  4623 | D:4      | Reached XP level 5. HP: 27/37 MP: 7/12
  4941 | D:4      | Noticed a phantom
  5015 | D:4      | You fall into a shaft and drop 3 floors!
  5015 | D:7      | Found a staircase to the Ecumenical Temple.
  5078 | D:7      | Learned a level 4 spell: Petrify
  5110 | Temple   | Entered the Ecumenical Temple
  5250 | Temple   | Became a worshipper of Cheibriados the Contemplative
  5280 | D:6      | Noticed a sky beast
  5286 | D:6      | Found a glowing drain.
  5333 | Sewer    | Entered a sewer
  5379 | Sewer    | Reached XP level 6. HP: 17/44 MP: 11/13
  5383 | Sewer    | Reached * piety under Cheibriados
  5751 | Sewer    | Reached skill level 5 in Dodging
  5789 | Sewer    | Reached ** piety under Cheibriados
  5968 | Sewer    | Reached XP level 7. HP: 39/50 MP: 9/15
  6155 | D:5      | Entered Level 5 of the Dungeon
  6799 | D:5      | Reached skill level 5 in Stealth
  6876 | D:5      | Noticed Eustachio
  6884 | D:5      | Killed Eustachio
  7262 | D:5      | Reached XP level 8. HP: 30/57 MP: 16/16
  7511 | D:4      | Reached *** piety under Cheibriados
  9560 | D:7      | Reached **** piety under Cheibriados
  9657 | D:7      | Reached XP level 9. HP: 65/65 MP: 18/18
  9702 | D:7      | Got the Catalogue of the Traveller and Feathers
 10374 | D:8      | Noticed Joseph
 10479 | D:8      | Killed Joseph
 10691 | D:8      | Reached skill level 5 in Invocations
 10903 | D:8      | Found a staircase to the Lair.
 10992 | D:8      | Noticed a tarantella
 10992 | D:8      | Noticed a boulder beetle
 10994 | D:8      | Noticed a swamp dragon
 10994 | D:8      | a tarantella changed into a swamp dragon
 11005 | D:8      | Killed a boulder beetle
 11006 | D:8      | Reached XP level 10. HP: 67/73 MP: 12/20
 11013 | D:8      | Killed a swamp dragon
 11014 | D:8      | Reached skill level 5 in Fighting
 11014 | D:8      | Reached skill level 5 in Short Blades
 11014 | D:8      | Reached skill level 5 in Long Blades
 11014 | D:8      | Reached skill level 5 in Axes
 11014 | D:8      | Reached skill level 5 in Maces & Flails
 11014 | D:8      | Reached skill level 5 in Polearms
 11014 | D:8      | Reached skill level 5 in Staves
 11014 | D:8      | Reached skill level 5 in Slings
 11014 | D:8      | Reached skill level 5 in Bows
 11014 | D:8      | Reached skill level 5 in Crossbows
 11014 | D:8      | Reached skill level 5 in Throwing
 11014 | D:8      | Reached skill level 5 in Armour
 11014 | D:8      | Reached skill level 5 in Shields
 11014 | D:8      | Reached skill level 5 in Unarmed Combat
 11014 | D:8      | Reached skill level 5 in Evocations
 11562 | D:8      | Found a broken altar of Ashenzari.
 11603 | D:8      | Noticed Maggie
 11616 | D:8      | Killed Maggie
 11727 | D:9      | Reached skill level 5 in Transmutations
 11742 | D:9      | Reached ***** piety under Cheibriados
 12016 | D:9      | Identified the ring "Iloamuh" {rC+ rN++ rCorr Str-3 Int+3}
 12378 | D:9      | Reached skill level 5 in Translocations
 12387 | D:9      | HP: 3/75 [poisoned by an orc wizard]
 12390 | D:9      | HP: 1/75 [poisoned by an orc wizard]
 12948 | D:10     | Entered Level 10 of the Dungeon
 12975 | D:9      | HP: 3/75 [something (9)]
 12976 | D:9      | Slain by a vampire

Illustrated notes

Levels and vault maps discovered:
D:1:      tarquinn_simple_flora_water_d, layout_basic,
          shapermc_ecumenical_altar_flowoftime
D:2:      layout_basic, basic_altar
D:3:      layout_basic, st_stairs_12
D:4:      layout_cave_pods, st_stairs_1
D:5:      cheibrodos_two_vegetables, layout_basic, uniq_eustachio, uniq_pikel
D:6:      layout_rooms, portal_sewer_entry_f
D:7:      kennysheep_kobold_camp, layout_basic, minmay_temple_entry_glass
D:8:      layout_loops_ring, kennysheep_little_box,
          grunt_lair_entry_orc_guard_hut, minmay_manual_mail, uniq_maggie,
          uniq_joseph
D:9:      layout_irregular_city
D:10:     layout_rooms, okawaru_humans, mainiacjoe_overflow_alcove_2,
          mainiacjoe_overflow_big_doors, nemelex_xobeh_ov_fountains_minmay,
          orc_0_dummy
Temple:   lightli_temple_of_artemis

Skill      XL: |  1  2  3  4  5  6  7  8  9 10 |
---------------+-------------------------------+-----
Transmutations | 2 3 4 5 |  5.1
Spellcasting   | 5 6 7 |  7.6
Invocations    | 1 2 3 4 5 6 |  6.1
Fighting       | 1 2 3 4 5 |  5.6
Short Blades   | 1 2 3 4 5 |  5.6
Long Blades    | 1 2 3 4 5 |  5.6
Axes           | 1 2 3 4 5 |  5.6
Maces & Flails | 1 2 3 4 5 |  5.6
Polearms       | 1 2 3 4 5 |  5.6
Staves         | 1 2 3 4 5 |  5.6
Slings         | 1 2 3 4 5 |  5.6
Bows           | 1 2 3 4 5 |  5.6
Crossbows      | 1 2 3 4 5 |  5.6
Throwing       | 1 2 3 4 5 |  5.6
Armour         | 1 2 3 4 5 |  5.6
Shields        | 1 2 3 4 5 |  5.6
Unarmed Combat | 1 2 3 4 5 |  5.6
Evocations     | 1 2 3 4 5 |  5.6
Conjurations   | 1 2 3 4 |  4.6
Hexes          | 1 2 3 4 |  4.6
Summonings     | 1 2 3 4 |  4.6
Necromancy     | 1 2 3 4 |  4.6
Translocations | 1 2 3 4 5 |  5.0
Fire Magic     | 1 2 3 4 |  4.6
Ice Magic      | 1 2 3 4 |  4.6
Air Magic      | 1 2 3 4 |  4.6
Poison Magic   | 1 2 3 4 |  4.6
Dodging        | 5 6 7 |  7.3
Stealth        | 5 6 7 |  7.0
Earth Magic    | 6 7 |  7.2

Action                   |  1- 3 |  4- 6 |  7- 9 | 10-12 || total
-------------------------+-------+-------+-------+-------++-------
Melee: Unarmed           |    72 |       |       |       ||    72
       Bite              |    12 |     5 |    31 |    21 ||    69
       Club              |    41 |       |       |       ||    41
       Punch             |     6 |     2 |    17 |     7 ||    32
       Dagger            |    94 |    68 |    54 |       ||   216
       Rapier            |       |       |   150 |   123 ||   273
       Whip              |       |       |    16 |       ||    16
 Fire: Hunting sling     |       |    42 |     7 |       ||    49
Throw: Boomerang         |       |       |     4 |       ||     4
       Dart              |       |       |    10 |       ||    10
 Cast: Sandblast         |    27 |    64 |    49 |     3 ||   143
       Passwall          |     2 |     3 |    12 |     5 ||    22
       Petrify           |       |       |    14 |     7 ||    21
Invok: Temporal Distorti |       |       |     1 |     1 ||     2
  Use: Potion            |       |     1 |       |     2 ||     3
 Stab: Sleeping          |    11 |     1 |     9 |     7 ||    28
       Petrified         |       |       |    27 |    11 ||    38
Armor: Robe              |    64 |    27 |    42 |       ||   133
       Leather armour    |       |       |    10 |    21 ||    31
       Acid dragon scale |       |       |       |    10 ||    10
Dodge: Dodged            |   189 |    80 |   216 |   105 ||   590
